 Dungeon Crawl Stone Soup version 0.31-a0-408-gb642c7f9a3 (webtiles) character file.

Game seed: 4668609989421129417

4 zazu2006 the Magician (level 1, -4/17 HPs)
             Began as a Gnoll Wanderer on July 29, 2023.
             Slain by a gnoll
             ... wielding a +0 whip
              (8 damage)
             ... on level 1 of the Dungeon.
             The game lasted 00:00:36 (150 turns).

zazu2006 the Magician (Gnoll Wanderer)               Turns: 150, Time: 00:00:37

Health: -4/17      AC:  2    Str: 11    XL:     1   Next: 60%
Magic:  8/8        EV: 11    Int: 12    God:
Gold:   35         SH:  0    Dex: 10    Spells: 14/14 levels left

rFire   . . .        a - +0 quarterstaff
rCold   . . .        (shield currently unavailable)
rNeg    . . .        d - +0 robe
rPois   .            (no helmet)
rElec   .            (no cloak)
rCorr   .            (no gloves)
SInv    .            (no boots)
Will    .....        (no amulet)
Stlth   ++           (no ring)
HPRegen 0.22/turn    (no ring)
MPRegen 0.11/turn

%: no passive effects
@: no status effects
A: fangs 1, strong nose, distributed training
a: no special abilities


You were on level 1 of the Dungeon.
You visited 1 branch of the dungeon, and saw 1 of its levels.

You collected 35 gold pieces.

Inventory:

Hand Weapons
 a - a +0 quarterstaff (weapon)
Armour
 d - a +0 robe (worn)
Jewellery
 f - an amulet of faith
Wands
 b - a wand of flame (4) (quivered)
Scrolls
 g - a scroll of amnesia {unknown}
 i - a scroll of blinking {unknown}
 j - a scroll of torment {unknown}
Potions
 c - a potion of haste
 e - 2 potions of heal wounds {unknown}
 h - a potion of might {unknown}


   Skills:
 + Level 2.4 Fighting
 + Level 0.1 Short Blades
 + Level 0.1 Long Blades
 + Level 0.1 Axes
 + Level 0.1 Maces & Flails
 + Level 0.1 Polearms
 + Level 4.4 Staves
 + Level 0.1 Ranged Weapons
 + Level 0.1 Throwing
 + Level 0.1 Armour
 + Level 0.1 Dodging
 + Level 4.0 Stealth
 + Level 0.1 Shields
 + Level 0.1 Unarmed Combat
 + Level 7.0 Spellcasting
 + Level 0.1 Conjurations
 + Level 0.1 Hexes
 + Level 0.1 Summonings
 + Level 0.1 Necromancy
 + Level 0.1 Translocations
 + Level 0.1 Transmutations
 + Level 0.1 Fire Magic
 + Level 0.1 Ice Magic
 + Level 0.1 Air Magic
 + Level 0.1 Earth Magic
 + Level 0.1 Poison Magic
 + Level 0.2 Invocations
 + Level 2.4 Evocations
 + Level 0.1 Shapeshifting


You had 14 spell levels left.
You didn't know any spells.
Your spell library contained the following spells:

 Spells                   Type           Power      Damage    Failure   Level
 Magic Dart               Conj           16%        1d3       16%         1
 Shock                    Conj/Air       16%        1d4       16%         1
 Scorch                   Fire           8%         2d5       24%         2
 Sublimation of Blood     Necr           4%         N/A       24%         2
 Ignite Poison            Fire/Tmut/Pois 4%         N/A       43%         3
 Flame Wave               Conj/Fire      4%         2d5       83%         4
 Summon Cactus Giant      Summ           2%         N/A       100%        6


Dungeon Overview and Level Annotations

Branches:
Dungeon (1/15)

Altars:


Innate Abilities, Weirdness & Mutations

You have very sharp teeth.
Your uncanny sense of smell can sniff out nearby items.
Your experience applies equally to all skills.


Message History

You kill the goblin!
Found a hand axe.
Found a stone staircase leading down.
Things that are here:
a +0 dagger; a goblin corpse You pick up a book of Scorching and begin reading...
You add the spells Scorch, Flame Wave and Summon Cactus Giant to your library.
A giant cockroach comes into view.
Found 13 gold pieces.
A giant cockroach is nearby!
A giant cockroach is nearby!
A giant cockroach is nearby!
Found a scroll labelled WYTI QISIOMY.
The helpless giant cockroach fails to defend itself.
You hit the giant cockroach.
The giant cockroach is moderately wounded.
The giant cockroach closely misses you. x2
You hit the giant cockroach.
The giant cockroach is almost dead.
The giant cockroach bites you.
You hit the giant cockroach.
You kill the giant cockroach!
You now have 35 gold pieces (gained 13).
A gnoll comes into view. It is wielding a +0 whip.
You see here a scroll labelled WYTI QISIOMY.
j - a scroll labelled WYTI QISIOMY The gnoll shouts!
A giant cockroach comes into view.
You barely miss the giant cockroach. Your bite misses the giant cockroach.
The giant cockroach bites you. x2
You closely miss the gnoll. The gnoll closely misses you.
The giant cockroach closely misses you. The gnoll hits you with a +0 whip.
You hit the gnoll but do no damage. The giant cockroach barely misses you.
The gnoll misses you.
You closely miss the gnoll. You bite the gnoll, but do no damage.
The giant cockroach completely misses you.
The giant cockroach bites you. The gnoll hits you with a +0 whip!
* * * LOW HITPOINT WARNING * * *
You barely miss the gnoll. The giant cockroach misses you.
The gnoll hits you with a +0 whip!
You die...

#.............
#.............
#...........).
#......######
#......# ∆
#......########
#..............
#..............
#......@.......
#####.gB.......
#..........
#..........
#..........
#..........
#..........
#............
#.#..........


You could see a gnoll and a giant cockroach.

Vanquished Creatures
  A giant cockroach (D:1)
  A goblin (D:1)
  A frilled lizard (D:1)
  A kobold (D:1)
4 creatures vanquished.

Notes
Turn   | Place    | Note
-------+----------+-------------------------------------------
     0 | D:1      | zazu2006 the Gnoll Wanderer began the quest for the Orb.
     0 | D:1      | zazu2006 set off with the following items: a +0
                  | quarterstaff, a wand of flame (4), a potion of haste, a +0
                  | robe; and the following spells available to memorise: Magic
                  | Dart, Shock, Sublimation of Blood, Ignite Poison.
     0 | D:1      | Reached XP level 1. HP: 17/17 MP: 8/8
   150 | D:1      | Slain by a gnoll

Illustrated notes

Levels and vault maps discovered:
D:1:      evilmike_arrival_home_sweet_home, layout_basic, nicolae_grassy_gnolls

Action                     || total
---------------------------++-------
  Melee: Quarterstaff      ||    14
         Bite              ||     1
   Stab: Sleeping          ||     1
 Armour: Robe              ||     1
  Dodge: Dodged            ||     9

Table legend: (Time is in decaauts)
 A = Elapsed time spent in this place.
 B = Non-inter-level travel time spent in this place.
 C = Inter-level travel time spent in this place.
 D = Time resting spent in this place.
 E = Time spent auto-exploring this place.
 F = Levels seen in this place.
 G = Mean time per level.
                   A        B        C        D        E       F      G
               +--------+--------+--------+--------+--------+-----+--------+
         Total |    151 |    151 |      0 |      0 |     89 |   1 |  151.0 |
       Dungeon |    151 |    151 |      0 |      0 |     89 |   1 |  151.0 |
               +--------+--------+--------+--------+--------+-----+--------+

Top non-repeatable levels by time:
     D:1: 151 daAuts
